 Dungeon Crawl Stone Soup version 0.27-a0-1232-gc6a4cbde82 (webtiles) character file.

Game seed: 14932635689227711679

10255 robertstho the Thaumaturge (level 11, -3/68 HPs)
             Began as a Djinni Fire Elementalist on June 8, 2021.
             Was an Initiate of Gozag.
             Killed from afar by Erica (29 damage)
             ... with a lance of force
             ... on level 9 of the Dungeon.
             The game lasted 00:20:41 (14495 turns).

robertstho the Thaumaturge (DjFE)                  Turns: 14495, Time: 00:20:41

Health: -3/68      AC:  7    Str:  7    XL:     11   Next: 89%
Gold:   728        EV: 13    Int: 30    God:    Gozag SH:  5 Dex: 13

rFire    + . .     SeeInvis .   F - +9 dagger of Generosity {drain, +Blink rC+ rN++ Stlth-}
rCold    + . .     Faith    .   (no shield)
rNeg     + + .     Spirit   .   a - +0 robe
rPois    ∞         Reflect  +   K - +2 hat
rElec    .         Harm     .   B - +0 cloak
rCorr    .         Rampage  .   i - +1 pair of gloves
Will     +....                  (boots unavailable)
Stlth    ++........             r - amulet of reflection
HPRegen  0.21/turn              A - +6 ring of intelligence
MPRegen  0.00/turn              w - ring "Xiosi" {Ice +Blink Int+3}

@: flying
A: sickness immunity, fire resistance 2, cold vulnerability 1, float, innate
caster, hp casting, extra vitality 1
a: Renounce Religion, Evoke Blink, Potion Petition, Call Merchant, Bribe Branch


You were on level 9 of the Dungeon.
You worshipped Gozag.
Gozag was pleased with you.
You visited 2 branches of the dungeon, and saw 10 of its levels.
You also visited: Sewer and Ossuary.

You collected 1051 gold pieces.
You paid 323 gold pieces to Gozag.

Inventory:

Hand Weapons
 b - a +1 dagger of venom
 x - a +5 halberd of holy wrath
 z - the +4 whip of Blood-Lust {pain, Str+7}
   (You found it on level 6 of the Dungeon)

   In the hands of one skilled in necromantic magic, it inflicts extra damage on
   living creatures.
   It affects your strength (+7).
 F - the +9 dagger of Generosity (weapon) {drain, +Blink rC+ rN++ Stlth-}
   (You found it on level 7 of the Dungeon)

   A truly terrible weapon, it drains the life of those it strikes.
   It protects you from cold.
   It greatly protects you from negative energy.
   It lets you blink.
   It makes you less stealthy.
Missiles
 d - 7 curare-tipped darts
Armour
 a - a +0 robe (worn)
 i - a +1 pair of gloves (worn)
 B - a +0 cloak (worn)
 K - a +2 hat (worn)
Jewellery
 f - a +6 ring of strength
 h - a ring of protection from cold
 r - an amulet of reflection (around neck)
 w - the ring "Xiosi" (right hand) {Ice +Blink Int+3}
   (You acquired it in an ossuary)

   [ring of ice]

   It enhances your ice magic.
   It affects your intelligence (+3).
   It makes you vulnerable to fire.
   It protects you from cold.
   It lets you blink.
 A - a +6 ring of intelligence (left hand)
 G - a ring of protection from cold
Wands
 m - a wand of paralysis (5)
 C - a wand of iceblast (7)
 D - a wand of digging (2)
 E - a wand of charming (6)
 J - a wand of acid (12)
Scrolls
 e - 2 scrolls of teleportation
 g - 2 scrolls of enchant weapon
 j - 3 scrolls of enchant armour
 s - 2 scrolls of blinking
 t - a scroll of fear {unknown}
 y - a scroll of holy word
Potions
 c - a potion of haste
 k - a potion of brilliance
 l - 3 potions of lignification
 n - a potion of ambrosia
 o - a potion of flight
 p - a potion of curing {unknown}
 q - a potion of berserk rage
 u - 3 potions of mutation
 v - a potion of attraction {unknown}
 H - 2 potions of heal wounds {unknown}
 I - a potion of magic {unknown}


   Skills:
 + Level 1.8 Fighting
 + Level 2.8 Short Blades
 + Level 4.6 Dodging
 + Level 4.2 Stealth
 + Level 2.2 Shields
 + Level 0.4 Unarmed Combat
 * Level 12.5 Spellcasting


You had 6 spell levels left.
You knew the following spells:

 Your Spells              Type           Power      Damage    Failure   Level
a - Foxfire               Conj/Fire      100%       2x1d9     0%          1
b - Conjure Flame         Conj/Fire      76%        6-21      1%          3
c - Inner Flame           Hex/Fire       76%        N/A       1%          3
d - Sticky Flame          Conj/Fire      76%        2d9       1%          4
e - Fireball              Conj/Fire      38%        3d16      1%          5
f - Magic Dart            Conj           100%       1d8       0%          1
g - Wereblood             Tmut           76%        N/A       1%          2
h - Call Imp              Summ           76%        N/A       1%          2
i - Stone Arrow           Conj/Erth      100%       3d13      1%          3
j - Agony                 Necr           76%        N/A       1%          5
Your spell library was empty.

Dungeon Overview and Level Annotations

Branches:
Dungeon (9/15)             Temple (1/1) D:5            Lair (0/6) D:8
  Sewer (visited)         Ossuary (visited)
    Orc: D:9-12

Altars:
Ashenzari
Cheibriados
Elyvilon
Fedhas
Gozag
Kikubaaqudgha
Makhleb
Nemelex Xobeh
Okawaru
Qazlal
Ru
Sif Muna
Uskayaw
Vehumet
Xom
Yredelemnul
Zin

Shops:
D:5 [

Annotations:
D:5 1 runed translucent door, iNFECTIOUSiTCH's ghost, novice OpBr
D:9 Erica


Innate Abilities, Weirdness & Mutations

You are immune to sickness and miasma.
You are immune to poison.
Your flesh is very heat resistant. (rF++)
You are vulnerable to cold. (rC-)
You float through the air rather than walking.
You learn spells naturally, not from books.
Your magical power is your life essence.
You have superior vitality. (+4 HP)


Message History

Okay, then.
Casting: Foxfire (safe; 0% risk of failure)
Press: ? - help, Q - select action, (/) - cycle Dir - look around, f - activate You conjure some foxfire!
* * * LOW HITPOINT WARNING * * *
Unknown command.
You recover from your berserk rage.
The foxfire hits the kobold.
You kill the kobold!
You start resting.
Your foxfire dissipates!
You start resting.
A howler monkey zombie comes into view.
Casting: Foxfire (safe; 0% risk of failure)
Confirm with . or Enter, or press ? or * to list all spells.
Aiming: Fireball (dangerous; 1% risk of failure)
Press: ? - help, Shift-Dir - straight line, f - howler monkey zombie
Aim: a howler monkey zombie (wandering, hasn't noticed you)
The fireball explodes!
The fireball engulfs the howler monkey zombie!!
You destroy the howler monkey zombie!
* * * LOW HITPOINT WARNING * * *
You hear a bellow!
You start resting.
Erica is nearby!
Casting: Fireball (dangerous; 1% risk of failure)
Confirm with . or Enter, or press ? or * to list all spells.
A beastly little devil appears in a puff of flame.
Erica shouts!
Casting: Call Imp (safe; 1% risk of failure)
Confirm with . or Enter, or press ? or * to list all spells.
A beastly little devil appears in a puff of frigid air.
Erica hits you with a +3 scimitar of flaming.
Erica burns you.
Your crimson imp hits Erica but does no damage.
Unknown command.
Erica gestures at you while chanting. The lance of force hits you!!
You die...
Your body crumbles into a pile of gold.

......# #...# ......$
.... # ....... [>. .#
............##..# ..#
.......$$......##..## o
#K....##.$...........
..##....##.....$##....#
......K.##...5@5#.....##
.....Kc..#...##.@......#
$
.##......#...###.####...
......<.c.....#..#
.##.........#.....
#........##...$.#
#.........##.#.#.#
#...........###. ..
#..##.#.....# #. #. ..#
#.#......... ..


You could see Erica (ally target), a friendly crimson imp (summoned) and a
friendly white imp (summoned).

Vanquished Creatures
  Gastronok (D:8)
  A hydra (D:6)
  A two-headed ogre (D:7)
  Joseph (D:8)
  Psyche (D:8)
  2 kobold demonologists (D:9)
  A hornet (D:7)
  Prince Ribbit (D:9)
  9 yaks
  A steam dragon (D:7)
  3 black bears
  3 orc warriors
  An ice beast (D:6)
  Purgy (Sewer)
  A sky beast (D:8)
  3 necrophages
  2 ogres (D:4)
  5 centaurs
  A phantom (D:4)
  4 kobold brigands
  8 bullfrogs
  2 scorpions
  A water moccasin skeleton (D:5)
  A wyvern skeleton (D:6)
  4 wights (D:8)
  A howler monkey (D:6)
  8 crimson imps (D:7)
  2 centaur zombies (D:8)
  2 lava snakes (D:7)
  A hound (D:4)
  A bullfrog zombie (D:5)
  2 orc priests
  2 centaur skeletons
  2 jellies
  A bullfrog skeleton (D:3)
  2 iguanas
  7 orc wizards
  14 mummies (Ossuary)
  8 gnolls
  2 howler monkey zombies
  2 river rats (D:4)
  10 adders
  3 white imps
  4 ufetubi
  A dart slug (D:2)
  2 worms (D:4)
  30 orcs
  11 endoplasms
  14 giant cockroaches
  11 goblins
  11 hobgoblins
  5 jackals
  A quokka (D:4)
  5 ball pythons
  6 bats
  A frilled lizard (D:2)
  14 kobolds
  4 kobold skeletons (Ossuary)
  4 orc skeletons (Ossuary)
  7 rats
  11 rat skeletons (Ossuary)
271 creatures vanquished.

Vanquished Creatures (others)
  An orc priest (D:5)
  720 foxfires
  50 fungi (D:8)
  53 plants (D:8)
824 creatures vanquished.

Grand Total: 1095 creatures vanquished

Notes
Turn   | Place    | Note
-------+----------+-------------------------------------------
     0 | D:1      | robertstho the Djinni Fire Elementalist began the quest for
                  | the Orb.
     0 | D:1      | Reached XP level 1. HP: 15/15 MP: 0/0
   531 | D:1      | Reached XP level 2. HP: 17/21 MP: 0/0
  1005 | D:1      | Reached skill level 3 in Spellcasting
  1006 | D:1      | Reached XP level 3. HP: 21/25 MP: 0/0
  1006 | D:1      | Learned a level 1 spell: Magic Dart
  1989 | D:2      | Reached XP level 4. HP: 29/31 MP: 0/0
  3073 | D:3      | Found a stormy altar of Qazlal.
  3085 | D:3      | Noticed a centaur
  3096 | D:3      | Killed a centaur
  3097 | D:3      | Reached skill level 4 in Spellcasting
  3097 | D:3      | Reached XP level 5. HP: 11/35 MP: 0/0
  3097 | D:3      | Learned a level 2 spell: Wereblood
  3532 | D:3      | Found a white marble altar of Elyvilon.
  3573 | D:3      | Reached XP level 6. HP: 21/40 MP: 0/0
  4178 | D:3      | Found a faded altar of an unknown god.
  4393 | D:4      | Reached skill level 5 in Spellcasting
  4554 | D:4      | Reached XP level 7. HP: 26/46 MP: 0/0
  4554 | D:4      | Learned a level 2 spell: Call Imp
  4663 | D:4      | Found a glowing drain.
  4674 | Sewer    | Entered a sewer
  4926 | Sewer    | Noticed Purgy
  4935 | Sewer    | Killed Purgy
  5130 | D:4      | Reached skill level 6 in Spellcasting
  5281 | D:4      | Reached XP level 8. HP: 37/51 MP: 0/0
  5562 | D:4      | Reached skill level 7 in Spellcasting
  5639 | D:4      | Found a burning altar of Makhleb.
  6041 | D:5      | Entered Level 5 of the Dungeon
  6041 | D:5      | Noticed iNFECTIOUSiTCH's ghost (novice OpBr)
  6197 | D:5      | Found a broken altar of Ashenzari.
  6433 | D:5      | Found Xiahorol's Antique Armour Emporium.
  6438 | D:5      | Found a runed translucent door.
  6451 | D:5      | Found a sand-covered staircase.
  6460 | Ossuary  | Entered an ossuary
  7383 | Ossuary  | Identified a scroll of acquirement
  7384 | Ossuary  | Acquired the ring "Xiosi" {Ice +Blink Int+3}
  7441 | D:5      | Reached XP level 9. HP: 45/56 MP: 0/0
  7441 | D:5      | Learned a level 3 spell: Stone Arrow
  7557 | D:5      | Found a staircase to the Ecumenical Temple.
  7676 | Temple   | Entered the Ecumenical Temple
  7689 | Temple   | Became a worshipper of Gozag Ym Sagoz the Greedy
  8337 | D:6      | Reached skill level 8 in Spellcasting
  8363 | D:6      | Noticed a six-headed hydra
  8428 | D:6      | Identified the +4 whip of Blood-Lust {pain, Str+7}
  8979 | D:6      | Killed a six-headed hydra
  8980 | D:6      | Reached skill level 1 in Fighting
  8980 | D:6      | Reached skill level 1 in Short Blades
  8980 | D:6      | Reached skill level 9 in Spellcasting
  9771 | D:7      | Found an iron altar of Okawaru.
  9772 | D:7      | Noticed a two-headed ogre
  9774 | D:7      | Found a hide-covered altar of Uskayaw.
  9776 | D:7      | Killed a two-headed ogre
  9777 | D:7      | Reached skill level 1 in Shields
  9777 | D:7      | Reached XP level 10. HP: 53/63 MP: 0/0
  9828 | D:7      | Found a snail-covered altar of Cheibriados.
  9831 | D:7      | Found a shimmering altar of Xom.
 10075 | D:7      | Reached skill level 10 in Spellcasting
 10268 | D:7      | Identified the +9 dagger of Generosity {drain, +Blink rC+
                  | rN++ Stlth-}
 12040 | D:8      | Found a staircase to the Lair.
 12042 | D:8      | Reached skill level 11 in Spellcasting
 12043 | D:8      | Reached XP level 11. HP: 58/68 MP: 0/0
 12043 | D:8      | Learned a level 5 spell: Agony
 12742 | D:8      | Found a sparkling altar of Nemelex Xobeh.
 12742 | D:8      | Found a sacrificial altar of Ru.
 12919 | D:8      | Noticed Psyche
 12921 | D:8      | Killed Psyche
 13039 | D:8      | Noticed Joseph
 13043 | D:8      | Killed Joseph
 13727 | D:9      | Noticed Prince Ribbit
 13728 | D:9      | Killed Prince Ribbit
 13737 | D:9      | Noticed Erica
 13794 | D:9      | Reached skill level 12 in Spellcasting
 14057 | D:9      | Noticed Gastronok
 14076 | D:8      | Killed Gastronok
 14495 | D:9      | Killed from afar by Erica

Illustrated notes

Levels and vault maps discovered:
D:1:      sevenhm_arrival_forest_fort_small_5, layout_basic
D:2:      layout_loops_ring, kennysheep_generic_room_7
D:3:      layout_basic, grunt_qazlal_clouds, general_overflow_altar,
          hellmonk_ecumenical_altar_slurped_away, minmay_liquid_box,
          minmay_randomly_rotated_circles
D:4:      cheibrodos_thug_alley, layout_rooms, kennysheep_mini,
          gup_sewer_entry_bubbles, dk_noncrumbling_2
D:5:      layout_loops_corners, cheibrodos_ashenzari_chains,
          minmay_temple_entry_poolview, hellmonk_ghost_happy_afterlife,
          serial_shops, shop, enter_ossuary_1, st_stairs_7,
          lemuel_flamethrower_2
D:6:      layout_rooms, minmay_misc_feat_tiny
D:7:      layout_loops_corners, minitemple, grunt_decor_junction,
          minmay_nine_imps
D:8:      layout_loops_ring, gammafunk_temple_overflow_elements,
          due_lair_maze_entry_diamond, minivault_11,
          chequers_serial_rivers_room_a, minmay_stone_trees_small, uniq_joseph,
          uniq_psyche
D:9:      layout_cave_pools, special_room [special_room_kobold],
          uniq_prince_ribbit1, uniq_erica, uniq_gastronok
Temple:   zaba_magenta_temple

Skill      XL: |  1  2  3  4  5  6  7  8  9 10 11 |
---------------+----------------------------------+-----
Spellcasting   | 3 4 5 6 7 9 11 12 | 12.5
Stealth        | 2 3 4 |  4.2
Dodging        | 3 4 |  4.6
Fighting       | 1 |  1.8
Short Blades   | 1 2 |  2.8
Shields        | 1 2 |  2.2
Unarmed Combat | |  0.4

Action                   |  1- 3 |  4- 6 |  7- 9 | 10-12 || total
-------------------------+-------+-------+-------+-------++-------
Melee: Unarmed           |     3 |       |       |       ||     3
       Dagger            |     3 |     3 |    19 |    37 ||    62
       Punch             |       |       |     1 |       ||     1
       Whip              |       |       |     3 |       ||     3
 Cast: Foxfire           |    68 |   129 |   235 |     7 ||   439
       Sticky Flame      |       |     1 |    17 |    12 ||    30
       Fireball          |       |       |    20 |    80 ||   100
       Conjure Flame     |       |       |     1 |     3 ||     4
       Stone Arrow       |       |       |       |    15 ||    15
       Call Imp          |       |       |       |     2 ||     2
Invok: Potion Petition   |       |       |       |     1 ||     1
  Use: Scroll            |       |       |    16 |     2 ||    18
       Potion            |       |       |     1 |     6 ||     7
 Stab: Sleeping          |       |       |     3 |       ||     3
Armor: Robe              |     1 |     8 |    15 |     8 ||    32
       Skin              |       |       |       |     1 ||     1
Dodge: Dodged            |    11 |    23 |    32 |    28 ||    94
Block: Other             |       |       |     8 |    16 ||    24
       Reflection        |       |       |       |     1 ||     1

Table legend: (Time is in decaauts)
 A = Elapsed time spent in this place.
 B = Non-inter-level travel time spent in this place.
 C = Inter-level travel time spent in this place.
 D = Time resting spent in this place.
 E = Time spent auto-exploring this place.
 F = Levels seen in this place.
 G = Mean time per level.
                   A        B        C        D        E       F      G
               +--------+--------+--------+--------+--------+-----+--------+
         Total |  14524 |  14137 |    387 |   3007 |   9199 |  12 | 1210.3 |
       Dungeon |  13160 |  12786 |    374 |   2881 |   8270 |   9 | 1462.2 |
        Temple |     26 |     13 |     13 |      0 |      7 |   1 |   26.0 |
         Sewer |    402 |    402 |      0 |      0 |    330 |   1 |  402.0 |
       Ossuary |    935 |    935 |      0 |    126 |    592 |   1 |  935.0 |
               +--------+--------+--------+--------+--------+-----+--------+

Top non-repeatable levels by time:
     D:7: 2421 daAuts
     D:8: 2183 daAuts
     D:1: 1628 daAuts
     D:5: 1610 daAuts
     D:2: 1402 daAuts
     D:3: 1345 daAuts
     D:4: 1259 daAuts
     D:6: 1083 daAuts
 Ossuary: 935 daAuts
   Sewer: 402 daAuts
     D:9: 224 daAuts
  Temple: 26 daAuts
